 Dungeon Crawl Stone Soup version 0.31-a0-354-g827e0957a7 (webtiles) character file.

Game seed: 14928623776026615762

5154 cforsyth the Prestidigitator (level 10, -1/77 HPs)
             Began as a Gnoll Artificer on July 24, 2023.
             Slain by a gnoll bouda
             ... wielding the +10 falchion of Dullness {flame, Dex+4}
              (5 damage)
             ... in a bailey.
             The game lasted 00:18:50 (10570 turns).

cforsyth the Prestidigitator (Gnoll Artificer)     Turns: 10570, Time: 00:18:51

Health: -1/77      AC: 25    Str: 11    XL:     10   Next: 59%
Magic:  19/19      EV:  8    Int: 15    God:
Gold:   446        SH:  0    Dex: 13    Spells: 21/21 levels left

rFire   . . .        B - +1 flail (protect)
rCold   . . .        (no shield)
rNeg    . . .        n - +0 chain mail
rPois   .            C - +2 helmet
rElec   .            l - +0 cloak
rCorr   .            (no gloves)
SInv    .            y - +2 pair of boots
Will    .....        (no amulet)
Stlth   +            u - ring of flight
HPRegen 0.32/turn    (no ring)
MPRegen 0.16/turn

%: no passive effects
@: under a protective aura, flying
A: fangs 1, strong nose, distributed training
a: no special abilities


You were in a bailey.
You visited 1 branch of the dungeon, and saw 7 of its levels.
You also visited: Bailey.

You collected 446 gold pieces.

Inventory:

Hand Weapons
 a - a +0 club
 t - a +0 scythe
 B - a +1 flail of protection (weapon)
Missiles
 c - 2 throwing nets
Armour
 b - a +0 leather armour
 l - a +0 cloak (worn)
 n - a +0 chain mail (worn)
 r - a +0 helmet
 y - a +2 pair of boots (worn)
 C - a +2 helmet (worn)
Jewellery
 u - a ring of flight (left hand)
 E - a +6 ring of strength
Wands
 d - a wand of charming (15)
 e - a wand of iceblast (2)
 w - a wand of quicksilver (4)
 A - a wand of paralysis (4)
 D - a wand of mindburst (6)
Scrolls
 f - 2 scrolls of poison {unknown}
 g - a scroll of vulnerability {unknown}
 i - a scroll of noise
 j - a scroll of revelation
 p - 2 scrolls of silence
 x - 2 scrolls of fog {unknown}
 F - 2 scrolls of enchant armour {unknown}
 G - a scroll of amnesia {unknown}
Potions
 k - a potion of curing
 m - 3 potions of attraction
 o - a potion of heal wounds
 q - a potion of might
 s - 2 potions of invisibility
 z - 2 potions of enlightenment


   Skills:
 + Level 6.7 Fighting
 + Level 6.1 Short Blades
 + Level 6.1 Long Blades
 + Level 6.1 Axes
 + Level 6.1 Maces & Flails
 + Level 6.1 Polearms
 + Level 6.1 Staves
 + Level 6.1 Ranged Weapons
 + Level 6.1 Throwing
 + Level 7.7 Armour
 + Level 6.7 Dodging
 + Level 6.6 Stealth
 + Level 6.1 Shields
 + Level 6.1 Unarmed Combat
 + Level 6.1 Spellcasting
 + Level 5.1 Conjurations
 + Level 5.1 Hexes
 + Level 5.1 Summonings
 + Level 5.1 Necromancy
 + Level 5.1 Translocations
 + Level 5.1 Transmutations
 + Level 5.1 Fire Magic
 + Level 5.1 Ice Magic
 + Level 5.1 Air Magic
 + Level 5.1 Earth Magic
 + Level 5.1 Poison Magic
 + Level 6.7 Invocations
 + Level 9.1 Evocations
 + Level 5.1 Shapeshifting


You had 21 spell levels left.
You didn't know any spells.
Your spell library contained the following spells:

 Spells                   Type           Power      Damage    Failure   Level
 Sting                    Tmut/Pois      76%        1d6       36%         1
 Poisonous Vapours        Pois/Air       38%        N/A       50%         2
 Animate Dead             Necr           19%        N/A       98%         4
 Olgreb's Toxic Radiance  Pois           19%        N/A       98%         4
 Borgnjor's Vile Clutch   Necr/Erth      9%         N/A       100%        5
 Death Channel            Necr           9%         N/A       100%        6


Dungeon Overview and Level Annotations

Branches:
Dungeon (7/15)             Temple (0/1) D:6          Bailey (1/1)

Altars:
Zin

Shops:
D:4 *

Portals:
Abyss: D:3

Annotations:
D:3 2 transporters, SirDiesAlot's ghost, amateur OpSh
D:4 Pikel Bailey Grum


Innate Abilities, Weirdness & Mutations

You have very sharp teeth.
Your uncanny sense of smell can sniff out nearby items.
Your experience applies equally to all skills.


Message History

The gnoll bouda hits you with the +10 falchion of Dullness {flame, Dex+4}!
The gnoll bouda burns you.
You are too injured to fight recklessly!
You are too injured to fight recklessly!
You are too injured to fight recklessly!
You are too injured to fight recklessly!
You are too injured to fight recklessly!
You are too injured to fight recklessly!
You are too injured to fight recklessly!
You are too injured to fight recklessly!
You are too injured to fight recklessly!
You are too injured to fight recklessly!
You are too injured to fight recklessly!
You hit the gnoll bouda but do no damage.
You bite the gnoll bouda, but do no damage.
The gnoll bouda is severely wounded.
The gnoll bouda hits you with the +10 falchion of Dullness {flame, Dex+4}!
* * * LOW HITPOINT WARNING * * *
The gnoll bouda burns you.
* * * LOW HITPOINT WARNING * * *
You hit the gnoll bouda but do no damage.
The gnoll bouda is severely wounded.
The gnoll bouda hits you with the +10 falchion of Dullness {flame, Dex+4}.
* * * LOW HITPOINT WARNING * * *
The gnoll bouda burns you.
* * * LOW HITPOINT WARNING * * *
You barely miss the gnoll bouda.
The gnoll bouda is severely wounded.
Your attacks no longer feel as feeble.
The gnoll bouda barely misses you.
You hit the gnoll bouda.
The gnoll bouda is almost dead.
The gnoll bouda utters an invocation to its god.
The gnoll bouda is healed somewhat.
You hit the gnoll bouda.
The gnoll bouda is severely wounded.
The gnoll bouda hits you with the +10 falchion of Dullness {flame, Dex+4}!
* * * LOW HITPOINT WARNING * * *
The gnoll bouda burns you.
You die...

♣♣♣♣♣♣♣♣♣♣♣♣♣♣♣♣♣♣♣♣♣♣
≈≈≈≈≈≈≈≈≈≈≈≈≈≈≈≈@≈≈≈≈♣♣
≈.))#############g..≈≈♣
.g### . ##..(≈♣ ..#∆ ..
##).≈♣ ..#∆ ... #..≈♣
..#∆ #.g #..≈♣ ..# g.
#..≈♣ ..# ##'##..≈♣ ..'
∆ #......≈♣


You could see a gnoll bouda.

Vanquished Creatures
  A manticore (D:6)
  Sigmund (D:2)
  2 water moccasins
  An ice beast (D:6)
  A black bear (D:5)
  3 wolves (Bailey)
  2 ogres (D:6)
  A centaur (D:5)
  2 phantoms
  2 gnoll sergeants (Bailey)
  3 scorpions
  3 wights (D:6)
  A howler monkey (D:6)
  5 hounds
  A gnoll bouda (Bailey)
  2 orc priests
  A sleepcap (D:5)
  3 iguanas
  9 orc wizards
  Robin (D:1)
  5 adders
  12 gnolls (Bailey)
  2 shadow imps
  2 ufetubi
  A worm (D:2)
  A dart slug (D:1)
  20 orcs
  6 bats
  9 endoplasms
  3 giant cockroaches (D:1)
  10 goblins
  9 hobgoblins
  6 jackals
  A quokka (D:1)
  4 ball pythons
  5 frilled lizards
  11 kobolds
  6 rats
158 creatures vanquished.

Notes
Turn   | Place    | Note
-------+----------+-------------------------------------------
     0 | D:1      | cforsyth the Gnoll Artificer began the quest for the Orb.
     0 | D:1      | Reached XP level 1. HP: 17/17 MP: 1/1
   161 | D:1      | Reached XP level 2. HP: 23/23 MP: 2/2
   272 | D:1      | Found a faded altar of an unknown god.
   538 | D:1      | Reached XP level 3. HP: 8/28 MP: 3/3
  1025 | D:2      | Found a glowing silver altar of Zin.
  1026 | D:2      | Noticed Sigmund
  1029 | D:2      | Killed Sigmund
  1030 | D:2      | Reached skill level 1 in Short Blades
  1030 | D:2      | Reached skill level 1 in Long Blades
  1030 | D:2      | Reached skill level 1 in Axes
  1030 | D:2      | Reached skill level 1 in Maces & Flails
  1030 | D:2      | Reached skill level 1 in Polearms
  1030 | D:2      | Reached skill level 1 in Staves
  1030 | D:2      | Reached skill level 1 in Ranged Weapons
  1030 | D:2      | Reached skill level 1 in Throwing
  1030 | D:2      | Reached skill level 1 in Shields
  1030 | D:2      | Reached skill level 1 in Unarmed Combat
  1030 | D:2      | Reached skill level 1 in Spellcasting
  1030 | D:2      | Reached skill level 1 in Conjurations
  1030 | D:2      | Reached skill level 1 in Hexes
  1030 | D:2      | Reached skill level 1 in Summonings
  1030 | D:2      | Reached skill level 1 in Necromancy
  1030 | D:2      | Reached skill level 1 in Translocations
  1030 | D:2      | Reached skill level 1 in Transmutations
  1030 | D:2      | Reached skill level 1 in Fire Magic
  1030 | D:2      | Reached skill level 1 in Ice Magic
  1030 | D:2      | Reached skill level 1 in Air Magic
  1030 | D:2      | Reached skill level 1 in Earth Magic
  1030 | D:2      | Reached skill level 1 in Poison Magic
  1030 | D:2      | Reached skill level 1 in Invocations
  1030 | D:2      | Reached skill level 1 in Shapeshifting
  1030 | D:2      | Reached XP level 4. HP: 35/35 MP: 4/6
  1030 | D:2      | Reached XP level 5. HP: 41/41 MP: 4/7
  1296 | D:2      | Noticed Robin
  1603 | D:1      | Killed Robin
  2427 | D:3      | Reached XP level 6. HP: 35/47 MP: 8/8
  2633 | D:3      | Reached skill level 5 in Armour
  2888 | D:3      | Found a transporter.
  2890 | D:3      | Noticed SirDiesAlot's ghost (amateur OpSh)
  2897 | D:3      | Found a one-way gate to the infinite horrors of the Abyss.
  2943 | D:3      | Found a transporter.
  3840 | D:4      | Reached XP level 7. HP: 22/52 MP: 10/10
  4047 | D:4      | Reached skill level 7 in Evocations
  4171 | D:4      | Found Neuwir's Gadget Gallery.
  4265 | D:4      | Noticed Pikel
  4703 | D:5      | Entered Level 5 of the Dungeon
  5650 | D:5      | Found a glowing silver altar of Zin.
  5966 | D:5      | Reached XP level 8. HP: 46/60 MP: 12/12
  6991 | D:6      | Found a staircase to the Ecumenical Temple.
  7717 | D:6      | Reached XP level 9. HP: 26/66 MP: 14/14
  7899 | D:6      | Noticed a gargoyle
  7914 | D:6      | Noticed a manticore
  8004 | D:6      | Killed a manticore
  8005 | D:6      | Reached skill level 5 in Fighting
  8005 | D:6      | Reached skill level 5 in Dodging
  8254 | D:7      | Found a flagged portal.
  8269 | D:7      | Reached skill level 5 in Stealth
  8420 | D:7      | Reached skill level 5 in Conjurations
  8420 | D:7      | Reached skill level 5 in Hexes
  8420 | D:7      | Reached skill level 5 in Summonings
  8420 | D:7      | Reached skill level 5 in Necromancy
  8420 | D:7      | Reached skill level 5 in Translocations
  8420 | D:7      | Reached skill level 5 in Transmutations
  8420 | D:7      | Reached skill level 5 in Fire Magic
  8420 | D:7      | Reached skill level 5 in Ice Magic
  8420 | D:7      | Reached skill level 5 in Air Magic
  8420 | D:7      | Reached skill level 5 in Earth Magic
  8420 | D:7      | Reached skill level 5 in Poison Magic
  8420 | D:7      | Reached skill level 9 in Evocations
  8420 | D:7      | Reached skill level 5 in Shapeshifting
  8420 | D:7      | Reached XP level 10. HP: 66/77 MP: 15/19
  8422 | Bailey   | Entered a bailey
  9172 | Bailey   | Identified the +10 falchion of Dullness {flame, Dex+4}
 10033 | Bailey   | Noticed Grum
 10570 | Bailey   | Slain by a gnoll bouda

Illustrated notes

Levels and vault maps discovered:
D:1:      amcnicky_arrival_double_pillar, layout_rooms,
          ebering_ecumenical_altar_box, minmay_surrounded
D:2:      layout_basic, basic_altar, chequers_serial_rivers_micro_e, uniq_robin,
          uniq_sigmund
D:3:      layout_basic, gammafunk_ghost_abyssal_escape,
          chequers_serial_rivers_micro_d
D:4:      layout_loops_corners, grunt_ministairs_1, nicolae_shop_gadgets,
          uniq_pikel
D:5:      layout_basic, overflow_temple_1_default, serial_co_window_serial,
          co_window_paths_a, co_window_of_opportunity_a, co_window_corner_a,
          co_window_paths_a, co_window_corner_a, co_window_of_opportunity_b,
          co_window_cross_2, co_window_unsneaky_path_e, co_window_2corner,
          co_window_broadway_b, co_window_corner_b, co_window_paths_c,
          co_window_4corner_b, co_window_4corner_a, glass_columns_b,
          glass_columns_b, glass_columns_a
D:6:      minmay_chambers_of_sixes, layout_layer_cave,
          minmay_temple_entry_slanted, serial_park_tiny_pond,
          nicolae_hexahallways
D:7:      layout_gridville, enter_bailey_5, serial_demonic, serial_demonic_b,
          serial_demonic_e, serial_demonic_c, serial_demonic_a, corner_web_ring,
          uniq_maggie
Bailey:   bailey_polearm_gnolls_kennysheep, bailey

Skill      XL: |  1  2  3  4  5  6  7  8  9 |
---------------+----------------------------+-----
Fighting       | 3 4 6 |  6.7
Short Blades   | 1 2 3 6 |  6.1
Long Blades    | 1 2 3 6 |  6.1
Axes           | 1 2 3 6 |  6.1
Maces & Flails | 1 2 3 6 |  6.1
Polearms       | 1 2 3 6 |  6.1
Staves         | 1 2 3 6 |  6.1
Ranged Weapons | 1 2 3 6 |  6.1
Throwing       | 1 2 3 6 |  6.1
Dodging        | 3 4 6 |  6.7
Shields        | 1 2 3 6 |  6.1
Unarmed Combat | 1 2 3 6 |  6.1
Spellcasting   | 1 2 3 6 |  6.1
Conjurations   | 1 2 3 5 |  5.1
Hexes          | 1 2 3 5 |  5.1
Summonings     | 1 2 3 5 |  5.1
Necromancy     | 1 2 3 5 |  5.1
Translocations | 1 2 3 5 |  5.1
Transmutations | 1 2 3 5 |  5.1
Fire Magic     | 1 2 3 5 |  5.1
Ice Magic      | 1 2 3 5 |  5.1
Air Magic      | 1 2 3 5 |  5.1
Earth Magic    | 1 2 3 5 |  5.1
Poison Magic   | 1 2 3 5 |  5.1
Invocations    | 1 2 3 4 6 |  6.7
Shapeshifting  | 1 2 3 5 |  5.1
Stealth        | 3 4 6 |  6.6
Armour         | 5 6 7 |  7.7
Evocations     | 7 9 |  9.1

Action                     |  1- 3 |  4- 6 |  7- 9 | 10-12 || total
---------------------------+-------+-------+-------+-------++-------
  Melee: Club              |   135 |   115 |       |       ||   250
         Bite              |     7 |    24 |    27 |    46 ||   104
         Halberd           |       |   109 |   196 |       ||   305
         Flail             |       |       |   137 |   299 ||   436
         Punch             |       |       |     5 |    12 ||    17
  Evoke: Wand              |     2 |    14 |     4 |       ||    20
    Use: Potion            |       |     1 |     2 |       ||     3
         Scroll            |       |       |    10 |       ||    10
 Armour: Leather armour    |    64 |       |       |       ||    64
         Chain mail        |       |   218 |   290 |   305 ||   813
  Dodge: Dodged            |   107 |    74 |   115 |   226 ||   522

Table legend: (Time is in decaauts)
 A = Elapsed time spent in this place.
 B = Non-inter-level travel time spent in this place.
 C = Inter-level travel time spent in this place.
 D = Time resting spent in this place.
 E = Time spent auto-exploring this place.
 F = Levels seen in this place.
 G = Mean time per level.
                   A        B        C        D        E       F      G
               +--------+--------+--------+--------+--------+-----+--------+
         Total |  10809 |  10328 |    481 |   2072 |   5730 |   8 | 1351.1 |
       Dungeon |   8633 |   8152 |    481 |    800 |   5624 |   7 | 1233.3 |
        Bailey |   2176 |   2176 |      0 |   1272 |    106 |   1 | 2176.0 |
               +--------+--------+--------+--------+--------+-----+--------+

Top non-repeatable levels by time:
  Bailey: 2176 daAuts
     D:5: 1975 daAuts
     D:6: 1630 daAuts
     D:4: 1433 daAuts
     D:1: 1286 daAuts
     D:2: 1217 daAuts
     D:3: 884 daAuts
     D:7: 205 daAuts
